Map: Ruins of Endion

Players

Siegemajster

  • Race: Zerg Zerg
  • League: Master

GameOver - Winner!

  • Race: Terran Terran
  • League: Diamond

VOD

Have the link to the VOD?

Description

Time

  • Played on: April 16, 2016, 11:52 a.m.
  • Length: 8:53
Show
View Real Time Build Order
Export as new Build Order

Siegemajster Zerg 

Build Orders: Hatch First 

Get SALT Encoding   

  12  0:01  Drone  
  13  0:12  Overlord  
  13  0:17  Drone  
  14  0:31  Drone x2  
  14  0:34  Drone  
  17  0:54  Hatchery  
  17  0:57  Drone  
  17  1:00  Drone  
  18  1:14  Spawning Pool  
  18  1:18  Drone  
  18  1:21  Extractor  
  18  1:23  Drone  
  18  1:30  Drone  
  19  1:39  Drone  
  20  1:49  Overlord  
  20  2:01  Queen  
  20  2:05  Queen  
  20  2:06  Zergling x4  
  26  2:11  Zergling x2  
  27  2:16  Drone  
  27  2:21  Metabolic Boost  
  28  2:24  Drone  
  28  2:27  Drone  
  30  2:31  Extractor  
  30  2:32  Drone  
  31  2:38  Drone  
  32  2:45  Drone  
  32  2:47  Queen  
  32  2:49  Drone  
  36  2:55  Overlord  
  36  3:00  Overlord  
  36  3:18  Drone x4  
  36  3:19  Drone  
  41  3:25  Roach Warren  
  40  3:40  Drone  
  40  3:41  Drone x5  
  46  3:44  Extractor  
  46  3:45  Drone x3, Extractor  
  46  3:46  Extractor  
  46  3:53  Hatchery  
  45  3:59  Zergling x4  
  47  4:03  Zergling x2  
  47  4:06  Lair  
  47  4:07  Zergling x2  
  49  4:17  Drone  
  49  4:18  Drone x2  
  49  4:19  Overlord  
  51  4:34  Overlord  
  51  4:35  Overlord  
  51  4:39  Roach x2  
  55  4:46  Roach  
  55  4:47  Roach  
  59  4:56  Roach x3  
  65  5:04  Evolution Chamber  
  65  5:05  Spire, Evolution Chamber  
  65  5:06  Drone  
  65  5:07  Drone  
  57  5:24  Spore Crawler  
  57  5:28  Drone x5  
  59  5:32  Spore Crawler  
  59  5:33  Spore Crawler  
  59  5:40  Queen  
  57  5:47  Drone  
  57  5:48  Drone x4  
  57  5:49  Drone x3  
  65  5:52  Drone  
  65  5:55  Drone  
  67  5:58  Drone  
  67  5:59  Drone  
  67  6:01  Drone  
  67  6:03  Drone  
  71  6:11  Drone x2  
  71  6:14  Zerg Ground Armor Level 1  
  72  6:21  Zerg Flyer Weapons Level 1  
  73  6:25  Drone x3  
  73  6:27  Drone x4  
  73  6:29  Drone  
  73  6:30  Drone  
  73  6:32  Drone  
  82  6:37  Overlord x2  
  82  6:44  Baneling Nest  
  82  6:46  Overlord  
  81  6:47  Overlord x2  
  81  6:58  Drone  
  82  7:04  Drone  
  82  7:05  Drone x2, Extractor  
  82  7:07  Extractor, Roach x3, Zergling x6  
  92  7:11  Zergling x2  
  91  7:23  Mutalisk  
  91  7:24  Mutalisk x5  
  91  7:25  Evolution Chamber  
  91  7:27  Overseer  
  91  7:29  Pneumatized Carapace  
  102  7:30  Zergling x2  
  102  7:31  Zergling x6  
  106  7:41  Overlord  
  106  7:42  Overlord  
  106  8:09  Zergling x18  
  115  8:19  Zergling x14  
  122  8:20  Overlord x2  
Show
View Real Time Build Order
Export as new Build Order

GameOver Terran - Winner!

Build Orders: Liberator Opening, Reaper Expand, MMM Bio 

Get SALT Encoding   

  12  0:00  SCV  
  13  0:13  SCV  
  14  0:18  Supply Depot  
  14  0:26  SCV  
  15  0:40  SCV  
  15  0:41  Barracks  
  16  0:46  Refinery  
  16  0:52  SCV  
  17  1:04  SCV  
  18  1:16  SCV  
  19  1:28  Orbital Command  
  19  1:30  Reaper  
  20  1:44  Command Center  
  20  1:54  Supply Depot  
  20  1:56  SCV  
  21  2:09  Factory  
  21  2:13  SCV  
  22  2:25  Barracks Reactor, SCV  
  22  2:28  Refinery  
  23  2:37  SCV  
  24  2:48  Engineering Bay  
  24  2:58  Orbital Command  
  24  3:02  Starport  
  24  3:05  SCV  
  25  3:12  Hellion x2  
  29  3:13  Barracks Reactor  
  29  3:17  SCV  
  30  3:24  Supply Depot  
  30  3:25  SCV  
  31  3:29  SCV  
  32  3:34  Hellion  
  32  3:37  SCV, Hellion  
  37  3:41  SCV  
  37  3:48  Liberator  
  38  3:49  SCV  
  38  3:52  Supply Depot  
  38  3:53  SCV  
  40  4:01  SCV, Hellion x2  
  45  4:06  SCV  
  49  4:10  Barracks Tech Lab  
  49  4:13  SCV  
  50  4:18  SCV  
  51  4:25  SCV  
  51  4:31  Marine, Stimpack  
  53  4:36  Barracks  
  53  4:38  Barracks  
  53  4:39  Factory Reactor  
  53  4:52  Marine  
  53  4:57  SCV x2  
  56  5:00  Command Center  
  56  5:04  Refinery x2  
  56  5:05  Starport Reactor, Engineering Bay  
  56  5:06  Engineering Bay  
  56  5:14  Marine  
  57  5:32  Marine  
  57  5:33  Factory Tech Lab  
  56  5:37  Marine x3  
  56  5:38  Marine  
  56  5:39  SCV x2  
  56  5:41  Supply Depot  
  62  5:43  Supply Depot  
  62  5:44  Terran Infantry Armor Level 1, Terran Infantry Weapons Level 1  
  62  5:51  Marine  
  56  5:59  Marine x4  
  56  6:01  Medivac x2  
  56  6:04  Siege Tank  
  60  6:05  SCV  
  61  6:13  Marauder  
  61  6:14  Orbital Command  
  61  6:17  SCV x2  
  65  6:26  Marine x2  
  65  6:27  Marine x2  
  65  6:29  SCV  
  65  6:30  SCV  
  71  6:38  Combat Shields  
  71  6:40  Medivac x2  
  75  6:52  Marine x2  
  77  6:55  SCV x2  
  77  6:56  Barracks, Orbital Command  
  77  6:57  Barracks  
  77  7:00  Supply Depot  
  77  7:01  Supply Depot  
  79  7:05  Marauder  
  79  7:07  Marine, SCV x2  
  79  7:08  Marine  
  85  7:17  Marine x2  
  84  7:26  Marauder  
  86  7:31  Marine x2  
  86  7:34  Marine x2  
  93  7:37  Siege Tank  
  93  7:41  SCV x2  
  93  7:42  SCV  
  96  7:47  Marine  
  96  7:48  Marine  
  96  7:49  Marine  
  99  7:51  Armory  
  99  7:52  Marine, Missile Turret  
  99  7:53  SCV x2  
  99  7:54  Missile Turret  
  99  7:57  Medivac x2  
  99  7:58  Missile Turret  
  106  8:12  Marine x6  
  109  8:13  Siege Tank  
  109  8:15  Marine  
  109  8:18  Barracks Reactor  
  115  8:30  Marine x2  
  115  8:32  Marine x3  
  115  8:33  Marine  
  108  8:52  Barracks x2  
Tags
 
Add a new tag
Caveats
  • Supply blocks, unpowered buildings, or Contaminate may cause inaccurate times.
  • Supply counts are checked every 10 seconds.